 Dungeon Crawl Stone Soup version 0.32-a0-799-g95e1662365 (webtiles) character file.

Game seed: 11047869156672977378

1710 porpoise the Poker (level 8, 0/64 HPs)
             Began as a Demonspawn Gladiator on Mar 22, 2024.
             Slain by a sun demon (6 damage)
             ... summoned by a kobold demonologist
             ... on level 6 of the Dungeon.
             The game lasted 00:15:00 (4835 turns).

porpoise the Poker (Demonspawn Gladiator)           Turns: 4835, Time: 00:15:01

Health: 0/64       AC: 15    Str: 23    XL:     8   Next: 74%
Magic:  0/8        EV:  9    Int:  8    God:
Gold:   155        SH:  5    Dex: 15    Spells: 7/7 levels left

rFire   . . .        a - +1 trident
rCold   . . .        g - +0 buckler
rNeg    + . .        I - +3 scale mail
rPois   .            c - +0 helmet
rElec   .            (no cloak)
rCorr   .            h - +0 pair of gloves
SInv    .            y - +0 pair of boots
Will    .....        w - amulet of magic regeneration Stlth
                     o - ring of positive energy
HPRegen 0.30/turn    r - +6 ring of strength
MPRegen 0.62/turn

%: guardian spirit
@: about to teleport
A: molten scales 2, foul stench 1, magic shield, magic regeneration
a: no special abilities


You were on level 6 of the Dungeon.
You visited 1 branch of the dungeon, and saw 6 of its levels.
You also visited: Sewer.

You collected 155 gold pieces.

Inventory:

Hand Weapons
 a - a +1 trident (weapon)
 b - a +0 sling
 t - a +0 trident
Missiles
 d - 2 throwing nets (quivered)
 e - 6 javelins
 E - 8 poisoned darts
Armour
 c - a +0 helmet (worn)
 g - a +0 buckler (worn)
 h - a +0 pair of gloves (worn)
 y - a +0 pair of boots (worn)
 G - a +0 ring mail
 I - a +3 scale mail (worn)
Jewellery
 o - a ring of positive energy (left hand)
 r - a +6 ring of strength (right hand)
 w - an amulet of magic regeneration (around neck)
 K - a ring of see invisible
Wands
 p - a wand of roots (14)
 q - a wand of polymorph (1)
 A - a wand of flame (13)
Scrolls
 m - a scroll of summoning
 u - a scroll of teleportation
 z - 5 scrolls of enchant weapon
 C - a scroll of revelation
 H - a scroll of blinking {unknown}
 J - a scroll of immolation
 L - a scroll of enchant armour {unknown}
Potions
 i - a potion of cancellation
 j - 3 potions of heal wounds
 k - a potion of ambrosia {unknown}
 l - 3 potions of might {unknown}
 n - a potion of mutation {unknown}
 v - 3 potions of enlightenment
 x - 5 potions of curing
 B - a potion of resistance {unknown}
 D - a potion of haste {unknown}
 F - a potion of invisibility


   Skills:
 + Level 5.9 Fighting
 * Level 7.8 Polearms
 - Level 1.7 Throwing
 - Level 2.6 Dodging
 + Level 4.7 Shields


You had 7 spell levels left.
You didn't know any spells.
Your spell library contained the following spells:

 Spells                   Type           Power      Damage    Failure   Level
 Apportation              Tloc           0%         N/A       80%         1
 Jinxbite                 Hex            0%         N/A       91%         2
 Alistair's Intoxication  Alch           0%         N/A       100%        5


Dungeon Overview and Level Annotations

Branches:
Dungeon (6/15)              Sewer (visited)
 Temple: D:4-7

Altars:
Sif Muna

Annotations:
D:2 Sigmund
D:3 3 runed translucent doors, retardedninja's ghost, amateur CoFi


Innate Abilities, Weirdness & Mutations

You are mostly covered in molten scales. (AC +3)
You may rarely emit foul miasma when damaged in melee.
When hurt, damage is shared between your health and your magic reserves.
You regenerate magic rapidly.


Message History

The kobold demonologist mumbles some strange words.
The kobold brigand shouts!
You hear an angry hiss.
You reach to attack!
You hit the sun demon but do no damage.
The kobold demonologist gestures wildly while chanting.
You closely miss the sun demon.
The sun demon hits you but does no damage.
You closely miss the sun demon. The smoke demon gestures at you.
The ball of steam misses the sun demon.
The ball of steam hits you! The sun demon closely misses you.
You miss the sun demon.
You are engulfed in a cloud of scalding steam.
The sun demon hits you!
You are engulfed in flames!
You closely miss the sun demon.
You are engulfed in a cloud of scalding steam.
The sun demon hits you but does no damage.
You barely miss the sun demon.
You are engulfed in a cloud of scalding steam.
You block the sun demon's attack.
The kobold demonologist is engulfed in a cloud of scalding steam.
The smoke demon gestures at you. Something smites you!
* * * LOW HITPOINT WARNING * * *
The sun demon barely misses you.
As you read the scroll labelled WODGHO ZISUBI, it crumbles to dust.
The creatures around you are filled with an inner flame!
It was a scroll of immolation.
The sun demon barely misses you.
As you read the scroll labelled BYKEPR KOFF, it crumbles to dust.
You hear a loud clanging noise!
It was a scroll of noise.
You hear a shout!
You block the sun demon's attack.
The air fills with toxic fumes!
As you read the scroll labelled DYPEUMEURA, it crumbles to dust.
It was a scroll of poison.
The sun demon hits you.
You are engulfed in flames!!
* * * LOW HITPOINT WARNING * * *
As you read the scroll labelled UFAACRANLUNT, it crumbles to dust.
You feel strangely unstable.
It was a scroll of teleportation.
The sun demon hits you!
You die...

#.##..###.##..###.....
#..§§## #.#§§##,#.....
####§# #§§§##,*#.....
#§# ##§§##*,*......
#§#*#§§##,,**......
#§##§§##*,**.......
##§#§§#*,,,**,*.....
#§§§§#***,**,,*,,,,,
##§§@##,,,,**,,,,,,,,
#§§3####.###,,**,,,,,
#§#KKK3.....,***,,,,,
#.####K#####** ******
#.** *,#** #.,***,,,*
##,,****,* **,,,,,,*
********


You could see a sun demon (summoned, inner flame) and a kobold brigand.

Vanquished Creatures
  Prince Ribbit (D:6)
  Menkaure (D:5)
  An ice beast (D:5)
  A water moccasin (D:6)
  A black bear (D:5)
  2 ogres
  2 phantoms (D:5)
  A kobold brigand (Sewer)
  2 bullfrogs
  2 scorpions
  A howler monkey (D:5)
  A bombardier beetle (D:4)
  A hound (D:4)
  A gnoll bouda (D:5)
  Ijyb (D:5)
  Jessica (D:3)
  2 iguanas
  An orc wizard (D:5)
  9 adders
  7 gnolls (D:5)
  2 river rats (Sewer)
  A dart slug (D:2)
  5 ribbon worms
  5 orcs
  9 ball pythons
  5 endoplasms
  4 giant cockroaches
  4 goblins
  11 hobgoblins
  A quokka (D:4)
  12 frilled lizards (D:1)
  8 kobolds
  13 rats
119 creatures vanquished.

Notes
Turn   | Place    | Note
-------+----------+-------------------------------------------
     0 | D:1      | porpoise the Demonspawn Gladiator began the quest for the
                  | Orb.
     0 | D:1      | Reached XP level 1. HP: 16/16 MP: 1/1
   118 | D:1      | Reached skill level 3 in Polearms
   121 | D:1      | Gained mutation: You regenerate magic rapidly. [demonic
                  | ancestry]
   121 | D:1      | Reached XP level 2. HP: 14/22 MP: 2/2
   538 | D:1      | Gained mutation: You may rarely emit foul miasma when
                  | damaged in melee. [demonic ancestry]
   538 | D:1      | Reached XP level 3. HP: 28/28 MP: 3/3
   831 | D:2      | Noticed Sigmund
   988 | D:3      | Found a runed translucent gate.
   989 | D:3      | Found a runed translucent gate.
   990 | D:3      | Found a runed translucent gate.
   992 | D:3      | Noticed retardedninja's ghost (amateur CoFi)
  1159 | D:3      | Noticed Jessica
  1173 | D:3      | Killed Jessica
  1174 | D:3      | Reached skill level 1 in Shields
  1174 | D:3      | Reached XP level 4. HP: 31/34 MP: 4/4
  1570 | D:3      | Reached skill level 4 in Polearms
  2193 | D:4      | Gained mutation: You are partially covered in molten
                  | scales. (AC +2) [demonic ancestry]
  2193 | D:4      | Reached XP level 5. HP: 40/41 MP: 5/5
  2500 | D:4      | Noticed an ogre
  2512 | D:4      | Killed an ogre
  2513 | D:4      | Reached skill level 5 in Polearms
  2513 | D:4      | Gained mutation: When hurt, damage is shared between your
                  | health and your magic reserves. [demonic ancestry]
  2513 | D:4      | Reached XP level 6. HP: 15/48 MP: 6/6
  2784 | D:4      | Found a shimmering blue altar of Sif Muna.
  2827 | D:5      | Entered Level 5 of the Dungeon
  3002 | D:5      | Reached XP level 7. HP: 51/54 MP: 7/7
  3224 | D:5      | Reached skill level 6 in Polearms
  3660 | D:5      | Noticed Menkaure
  3664 | D:5      | Killed Menkaure
  3665 | D:5      | Reached skill level 5 in Fighting
  3665 | D:5      | Gained mutation: You are mostly covered in molten scales.
                  | (AC +3) [demonic ancestry]
  3665 | D:5      | Reached XP level 8. HP: 35/62 MP: 8/8
  3714 | D:5      | Noticed Ijyb
  3752 | D:5      | Killed Ijyb
  3936 | D:6      | Reached skill level 7 in Polearms
  3945 | D:6      | Found a glowing drain.
  4025 | Sewer    | Entered a sewer
  4643 | D:6      | Noticed Prince Ribbit
  4660 | D:6      | Killed Prince Ribbit
  4821 | D:6      | Noticed a kobold demonologist
  4822 | D:6      | Noticed a sun demon
  4825 | D:6      | Noticed a smoke demon
  4835 | D:6      | Slain by a sun demon

Illustrated notes

Levels and vault maps discovered:
D:1:      minmay_arrival_pointy, layout_basic, serial_bayou_pond_a,
          minmay_lizard_pond
D:2:      layout_loops_cross, uniq_sigmund
D:3:      layout_loops_ring, gammafunk_ghost_necromancy, grunt_decor_fettered,
          chequers_avenue, uniq_jessica
D:4:      layout_rooms, lemuel_blue_sif_altar
D:5:      layout_rooms, nicolae_houndstooth_variations, uniq_menkaure, uniq_ijyb
D:6:      layout_rooms, portal_sewer_entry_a, minmay_manual_mandibuliform,
          uniq_jeremiah, uniq_prince_ribbit1

Skill      XL: |  1  2  3  4  5  6  7  8 |
---------------+-------------------------+-----
Polearms       | 3 4 5 6 7 |  7.8
Shields        | 1 2 3 4 |  4.7
Fighting       | 3 4 5 |  5.9
Throwing       | |  1.7
Dodging        | |  2.6

Action                     |  1- 3 |  4- 6 |  7- 9 || total
---------------------------+-------+-------+-------++-------
  Melee: Trident           |   136 |   146 |   242 ||   524
   Fire: Sling             |       |       |     2 ||     2
  Throw: Throwing net      |       |     1 |     1 ||     2
  Evoke: Wand              |       |       |     2 ||     2
    Use: Scroll            |       |       |     9 ||     9
         Potion            |       |       |     3 ||     3
   Stab: Sleeping          |     1 |     1 |       ||     2
         Invisible         |       |       |     3 ||     3
 Armour: Leather armour    |    71 |    79 |    25 ||   175
         Ring mail         |       |       |    49 ||    49
         Scale mail        |       |       |    47 ||    47
  Dodge: Dodged            |    43 |    58 |    79 ||   180
  Block: Buckler           |     7 |    23 |    28 ||    58

Table legend: (Time is in decaauts)
 A = Elapsed time spent in this place.
 B = Non-inter-level travel time spent in this place.
 C = Inter-level travel time spent in this place.
 D = Time resting spent in this place.
 E = Time spent auto-exploring this place.
 F = Levels seen in this place.
 G = Mean time per level.
                   A        B        C        D        E       F      G
               +--------+--------+--------+--------+--------+-----+--------+
         Total |   4929 |   4764 |    165 |   1337 |   2175 |   7 |  704.1 |
       Dungeon |   4291 |   4126 |    165 |   1037 |   2042 |   6 |  715.2 |
         Sewer |    638 |    638 |      0 |    300 |    133 |   1 |  638.0 |
               +--------+--------+--------+--------+--------+-----+--------+

Top non-repeatable levels by time:
     D:5: 1069 daAuts
     D:3: 1060 daAuts
     D:4: 980 daAuts
     D:1: 766 daAuts
   Sewer: 638 daAuts
     D:6: 326 daAuts
     D:2: 88 daAuts
